 Dungeon Crawl Stone Soup version 0.29.1-1-gd02db69 (webtiles) character file.

Game seed: 8549441952594347884

26 Blorth the Chopper (level 2, -1/25 HPs)
             Began as a Minotaur Gladiator on Feb 20, 2023.
             Slain by a worm (7 damage)
             ... on level 2 of the Dungeon.
             The game lasted 00:13:34 (744 turns).

Blorth the Chopper (Minotaur Gladiator)              Turns: 744, Time: 00:13:36

Health: -1/25      AC:  3    Str: 18    XL:     2   Next: 89%
Magic:  1/1        EV: 12    Int:  5    God:
Gold:   49         SH:  0    Dex: 11    Spells: 1/1 levels left

rFire   . . .      SeeInvis .   a - +0 war axe
rCold   . . .      Faith    .   (no shield)
rNeg    . . .      Spirit   .   b - +0 leather armour
rPois   .          Reflect  .   c - +0 hat
rElec   .          Harm     .   (no cloak)
rCorr   .          Rampage  .   (no gloves)
Will    .....                   (no boots)
Stlth   +.........              (no amulet)
HPRegen 0.08/turn               (no ring)
MPRegen 0.07/turn               (no ring)

@: no status effects
A: horns 2, retaliatory headbutt
a: no special abilities


You were on level 2 of the Dungeon.
You visited 1 branch of the dungeon, and saw 2 of its levels.

You collected 49 gold pieces.

Inventory:

Hand Weapons
 a - a +0 war axe (weapon)
 f - a +0 dagger
 i - a +0 spear
 k - a +0 spear
 p - a +0 whip
 r - a +0 dagger
Missiles
 d - 3 throwing nets (quivered)
 e - a javelin
 m - 6 poisoned darts
Armour
 b - a +0 leather armour (worn)
 c - a +0 hat (worn)
 h - a +0 robe of cold resistance
Scrolls
 j - a scroll of torment {unknown}
 q - a scroll of magic mapping {unknown}
 t - a scroll of identify {unknown}
Potions
 g - a potion of brilliance {unknown}
 l - a potion of degeneration {unknown}
 n - a potion of mutation {unknown}
 o - 2 potions of curing {unknown}
 s - a potion of lignification {unknown}


   Skills:
 + Level 2.8 Fighting
 + Level 4.2 Axes
 + Level 2.2 Throwing
 + Level 0.2 Armour
 + Level 3.7 Dodging


You had one spell level left.
You didn't know any spells.
Your spell library was empty.

Dungeon Overview and Level Annotations

Branches:
Dungeon (2/15)

Altars:

Shops:
D:1 :   D:2 [


Innate Abilities, Weirdness & Mutations

You have a pair of horns on your head.
You reflexively headbutt those who attack you in melee.


Message History

The bat hits you but does no damage. The bat hits you but does no damage.
You barely miss the bat. The bat hits you. The bat closely misses you.
The bat hits you but does no damage.
You barely miss the bat. Your headbutt misses the bat.
You barely miss the worm. The bat closely misses you. You furiously retaliate!
You headbutt the bat!
You kill the bat!
The worm bites you.
You barely miss the worm. The worm bites you.
You completely miss the worm. You headbutt the worm.
The worm is moderately wounded.
The worm closely misses you.
You hit the worm.
The worm is heavily wounded.
You slash the worm!
You kill the worm!
A dart slug comes into view.
The dart slug launches a dart at you. The slug dart hits you.
The dart slug launches a dart at you. The slug dart misses you.
The dart slug launches a dart at you. The slug dart hits you.
A hobgoblin comes into view.
The hobgoblin shouts!
You slash the dart slug! You headbutt the dart slug.
You kill the dart slug!
A worm comes into view.
You slash the hobgoblin!
You kill the hobgoblin!
You barely miss the worm. Your headbutt misses the worm. You slash the worm!
The worm is heavily wounded.
The worm bites you!
* * * LOW HITPOINT WARNING * * *
You barely miss the worm. You headbutt the worm.
The worm is heavily wounded.
The worm bites you!
You die...

####### #########
#.....# ##........
#.....####.........
#.....##.w.........
#.....'.@##......w.
#..(..#####........
####.....#
#........
#......###
#........ #.######
#†....... ##.#
#........
####..#########
#######..
#>............. ..
#####.####......


You could see a worm.

Vanquished Creatures
  A worm (D:2)
  A dart slug (D:2)
  A ball python (D:1)
  3 endoplasms
  A goblin (D:1)
  5 hobgoblins
  A quokka (D:2)
  4 bats
  A frilled lizard (D:2)
  A rat (D:1)
19 creatures vanquished.

Notes
Turn   | Place    | Note
-------+----------+-------------------------------------------
     0 | D:1      | Blorth the Minotaur Gladiator began the quest for the Orb.
     0 | D:1      | Reached XP level 1. HP: 18/18 MP: 0/0
    28 | D:1      | Found Ebrubb's Book Emporium.
    49 | D:1      | Found a faded altar of an unknown god.
   158 | D:1      | Reached XP level 2. HP: 23/25 MP: 1/1
   592 | D:2      | Found Dituomyl's Armour Emporium.
   623 | D:2      | Reached skill level 4 in Axes
   744 | D:2      | Slain by a worm

Illustrated notes

Levels and vault maps discovered:
D:1:      dpeg_arrival_pond, layout_loops_cross, serial_shops,
          nicolae_diamond_shop, shapermc_ecumenical_altar_petra,
          kennysheep_crisscross
D:2:      layout_basic, serial_shops, shop

Skill      XL: |  1  2 |
---------------+-------+-----
Axes           | 4 |  4.2
Fighting       | |  2.8
Throwing       | |  2.2
Armour         | |  0.2
Dodging        | |  3.7

Action                   || total
-------------------------++-------
Melee: War axe           ||    39
       Headbutt          ||     5
Armor: Leather armour    ||    12
Dodge: Dodged            ||    27
